 Dungeon Crawl Stone Soup version 0.17.0 (webtiles) character file.

94 Eucla the Ruffian (level 4, -2/44 HPs)
             Began as a Troll Monk on Nov 16, 2015.
             Slain by a scorpion (10 damage)
             ... on level 3 of the Dungeon.
             The game lasted 00:02:19 (1470 turns).

Eucla the Ruffian (Troll Monk)                      Turns: 1470, Time: 00:02:19

Health: -2/44      AC:  5    Str: 17    XL:     4   Next: 38%
Magic:  3/3        EV: 10    Int:  6    God:
Gold:   126        SH:  0    Dex: 13    Spells: 0 memorised, 3 levels left

rFire  . . .     SeeInvis .       - Unarmed
rCold  . . .     Clarity  .     a - +0 robe
rNeg   . . .     SustAt   .     (no shield)
rPois  .         Gourm    +     (helmet restricted)
rElec  .         Spirit   .     (no cloak)
rCorr  .         Warding  .     (gloves unavailable)
rMut   .         Stasis   .     (boots unavailable)
MR     .....                    (no amulet)
Stlth  +.........               (no ring)
                                e - -2 ring of strength (curse)

@: lethally poisoned (-2 -> -11), not resistant to hostile enchantments, very
unstealthy
A: unfitting armour, claws 3, fast metabolism 3, gourmand, regeneration 2,
shaggy fur 1, tough skin 2
a: no special abilities


You were on level 3 of the Dungeon.
You were very full.

You visited 1 branch of the dungeon, and saw 3 of its levels.

You collected 126 gold pieces.

Inventory:

Armour
 a - a +0 robe (worn)
Jewellery
 e - a cursed -2 ring of strength (left claw)
Wands
 q - a wand of enslavement (13)
Scrolls
 c - 2 scrolls of enchant armour {unknown}
 g - 2 scrolls of remove curse {unknown}
 j - 3 scrolls of fear {unknown}
 m - a scroll of noise {unknown}
 o - a scroll of fog {unknown}
 r - a scroll of magic mapping {unknown}
 s - a scroll of teleportation {unknown}
 t - a scroll of blinking {unknown}
 u - 2 scrolls of immolation {unknown}
Potions
 d - a potion of might {unknown}
 f - a potion of agility {unknown}
 h - a potion of heal wounds {unknown}
 i - a potion of brilliance {unknown}
 k - a potion of curing {unknown}
 n - a potion of flight {unknown}
 v - a potion of berserk rage {unknown}
Comestibles
 b - 3 bread rations
 l - a meat ration
 p - a slice of pizza


   Skills:
 + Level 2.9 Fighting
 + Level 2.8 Dodging
 - Level 1.1 Stealth
 * Level 5.2 Unarmed Combat


You had 3 spell levels left.
You didn't know any spells.

Dungeon Overview and Level Annotations

Branches:
Dungeon (3/15)

Altars:
Okawaru


Innate Abilities, Weirdness & Mutations

You are too large for most types of armour.
You have claws for hands.
Your metabolism is lightning-fast.
You like to eat raw meat.
You heal very quickly.
You are covered in fur (AC +1).
You have very tough skin (AC +2).


Message History

The scorpion poisons you!
You claw the adder!
You kill the adder!
Your life force feels restored.
You feel sick. The scorpion stings you!
You claw the scorpion!
The scorpion is severely wounded.
You feel sick. The scorpion stings you.
* * * LOW HITPOINT WARNING * * *
You are lethally poisoned!
The scorpion poisons you!
Unknown command.
You are too injured to fight recklessly!
You are too injured to fight recklessly!
You are too injured to fight recklessly!
You barely miss the scorpion.
The scorpion is severely wounded.
* * * LOW HITPOINT WARNING * * *
You feel sick. The scorpion stings you!
You die...

#.#####.....≈g≈...#
#...........≈≈≈.8.#
##..........8_8#
..##......≈≈≈.8.#
#.........≈g≈...#
#.###.....#######
##....# #....#
#...@# #..†s#
#.##..... #.##.....
#.##.......
#.##......w
#.##.......
..##.......


You could see a scorpion.

Vanquished Creatures
  4 adders
  2 oozes (D:1)
  A worm (D:2)
  2 giant geckos
  5 bats
  A bat skeleton (D:2)
  A giant cockroach (D:3)
  4 goblins
  7 hobgoblins
  A ball python (D:1)
  A giant cockroach zombie (D:2)
  A giant newt (D:1)
  8 kobolds
  2 quokkas
  8 rats
48 creatures vanquished.

Vanquished Creatures (others)
  5 toadstools (D:1)
5 creatures vanquished.

Grand Total: 53 creatures vanquished

Notes
Turn   | Place    | Note
--------------------------------------------------------------
     0 | D:1      | Eucla the Troll Monk began the quest for the Orb.
     0 | D:1      | Reached XP level 1. HP: 22/22 MP: 0/0
   158 | D:1      | Reached XP level 2. HP: 29/29 MP: 1/1
   702 | D:2      | Reached XP level 3. HP: 33/36 MP: 2/2
  1118 | D:2      | Reached skill level 5 in Unarmed Combat
  1194 | D:2      | Reached XP level 4. HP: 39/44 MP: 3/3
  1427 | D:3      | Found an iron altar of Okawaru.
  1470 | D:3      | Slain by a scorpion

Action                   |  1- 3 |  4- 6 || total
-------------------------+-------+-------++-------
Melee: Unarmed           |   109 |    34 ||   143
 Stab: Sleeping          |     3 |     1 ||     4
  Eat: Chunk             |    15 |     3 ||    18
